AoeStats
← Simon Stokvis

QS Arena

503401678Analyzed
4v4 RM · 1mo ago on Aug 31, 2026· 50m 32s· 8 players
Game mode
Random Map
Map size
Large (8 player)
Population
200
Speed
Normal
Resources
Standard
Victory
Conquest
Starting age
Dark Age
Ending age
Imperial Age
RankedLock teamsTeams togetherTeam positionsShared explorationLock speedFull tech treeHidden civsTurbo modeCheats
Victory
Defeat
🇳🇱 Khmer · Netherlands
1494
+14
🇳🇱 Malay · Netherlands
1481
+15
🇮🇹 Slavs · Italy
1479
+15
🇩🇪 Ethiopians · Germany
1446
+16
🇨🇳 Cumans · China
1535
-19
1444
-15
🇨🇳 Italians · China
1427
-14
🇧🇷 Romans · Brazil
1405
-13
M*rpheu$
7:57 Feudal Age
12:40 Castle Age
10:48 Horse Collar
10:56 Double-Bit Axe
14:00 Bow Saw
16:11 Heavy Plow
17:02 Gold Mining
19:07 Wheelbarrow
22:27 Squires
22:42 Forging
25:51 Imperial Age
23:36 Fortified Wall
24:20 Scale Mail Armor
24:55 Iron Casting
24:53 Town Watch
25:23 Hand Cart
25:26 Chain Mail Armor
25:56 Halberdier
27:54 Blast Furnace
27:44 Arson
29:13 Plate Mail Armor
28:30 Capped Ram
30:47 Two-Man Saw
29:36 Siege Ram
33:28 Chemistry
32:48 Ballistics
32:34 Siege Engineers
32:19 Onager
38:38 Stone Mining
39:35 Conscription
41:45 Torsion Engines
43:34 Murder Holes
43:30 Heated Shot
46:25 Town Patrol
46:11 Loom
Simon Stokvis
8:08 Feudal Age
11:25 Castle Age
23:15 Double-Bit Axe
26:44 Gold Mining
31:42 Imperial Age
29:31 Town Watch
30:57 Ballistics
31:14 Bow Saw
32:03 Wheelbarrow
34:58 Chemistry
33:29 Heavy Scorpion
34:48 Double Crossbow
35:09 Conscription
34:13 Capped Ram
35:33 Siege Ram
39:46 Siege Engineers
46:58 Loom
bommietommie
8:01 Feudal Age
7:37 Double-Bit Axe
7:33 Horse Collar
13:44 Castle Age
14:38 Bow Saw
15:50 Heavy Plow
16:09 Loom
18:20 Wheelbarrow
19:17 Gold Mining
24:15 Imperial Age
21:50 Fletching
23:29 Ballistics
22:37 Crossbowman
23:45 Bodkin Arrow
25:12 Chemistry
24:35 Arbalester
25:43 Bracer
28:45 Padded Archer Armor
32:29 Gold Shaft Mining
32:23 Leather Archer Armor
34:13 Siege Engineers
37:11 Hand Cart
36:35 Pikeman
39:00 Thumb Ring
42:29 Forging
42:50 Ring Archer Armor
41:42 Halberdier
42:22 Squires
47:32 Murder Holes
47:48 Masonry
49:45 Iron Casting
Shenk
7:49 Feudal Age
12:33 Castle Age
10:30 Double-Bit Axe
10:43 Horse Collar
20:46 Bow Saw
21:26 Wheelbarrow
21:54 Loom
22:55 Gold Mining
26:33 Imperial Age
24:05 Scale Mail Armor
24:16 Forging
25:16 Bloodlines
25:06 Husbandry
25:13 Scale Barding Armor
25:21 Forging
26:16 Chain Barding Armor
26:16 Detinets
26:15 Pikeman
26:55 Squires
26:37 Elite Boyar
27:38 Conscription
27:55 Iron Casting
31:03 Plate Barding Armor
30:56 Halberdier
35:43 Fletching
41:05 Chain Mail Armor
41:51 Blast Furnace
46:06 Plate Mail Armor
45:47 Light Cavalry
48:16 Onager
向阳花
4:05 Loom
6:23 Feudal Age
7:01 Double-Bit Axe
9:21 Horse Collar
15:06 Wheelbarrow
19:04 Castle Age
17:37 Gold Mining
18:04 Bloodlines
18:23 Scale Barding Armor
18:28 Forging
20:13 Chain Barding Armor
20:21 Hand Cart
20:58 Bow Saw
23:58 Gold Shaft Mining
23:36 Capped Ram
28:01 Iron Casting
31:07 Imperial Age
31:09 Siege Ram
31:17 Cavalier
31:21 Elite Steppe Lancer
33:20 Blast Furnace
32:39 Town Watch
38:33 Cavalier
38:38 Light Cavalry
39:54 Plate Barding Armor
41:02 Fletching
40:39 Hussar
41:59 Bodkin Arrow
42:46 Steppe Husbandry
43:07 Conscription
twitch.tv/TheSeniorSmurf
7:53 Feudal Age
11:48 Castle Age
9:56 Double-Bit Axe
10:08 Horse Collar
13:11 Bow Saw
20:06 Wheelbarrow
20:19 Heavy Plow
24:10 Imperial Age
22:17 Gold Mining
24:07 Bloodlines
23:58 Husbandry
24:17 Scale Barding Armor
24:23 Forging
26:19 Chain Barding Armor
26:34 Iron Casting
27:12 Iron Casting
27:21 Conscription
26:43 Light Cavalry
28:06 Crop Rotation
28:15 Gold Shaft Mining
29:23 Plate Barding Armor
29:48 Blast Furnace
30:32 Blast Furnace
30:04 Fletching
31:27 Hussar
32:59 Bodkin Arrow
34:17 Elite Battle Elephant
36:43 Tusk Swords
38:58 Bracer
40:26 Ballistics
41:07 Chemistry
安心
8:49 Feudal Age
14:49 Castle Age
12:50 Double-Bit Axe
14:42 Gold Mining
16:05 Loom
20:37 Bow Saw
22:27 Horse Collar
24:38 Wheelbarrow
29:19 Stone Mining
33:19 Stone Shaft Mining
43:57 Imperial Age
44:04 Imperial Age
41:58 Bow Saw
46:57 Two-Man Saw
48:18 Chemistry
47:39 Ballistics
MAZZUCCO
8:14 Feudal Age
9:26 Loom
12:26 Castle Age
10:20 Double-Bit Axe
10:16 Horse Collar
10:33 Town Watch
15:06 Bow Saw
15:45 Heavy Plow
18:38 Gold Mining
22:46 Wheelbarrow
28:52 Imperial Age
28:49 Ballistas
32:13 Ballistics
32:47 Heavy Scorpion
34:04 Fletching
33:39 Capped Ram
36:50 Chemistry
36:28 Siege Engineers
38:39 Siege Ram
44:15 Bodkin Arrow
44:34 Masonry
44:19 Murder Holes
46:52 Conscription
Connection lost

Rejoining the realm…

Still unreachable

The connection could not be restored.

Session expired

The server has moved on; the page needs a fresh start.